 Dungeon Crawl Stone Soup version 0.21-a0-641-geef9d7f (webtiles) character file.

67 shenanigans the Charmwright (level 4, -1/35 HPs)
             Began as a Barachi Skald on Dec 30, 2017.
             Slain by a gnoll
             ... wielding a +0 spear
              (6 damage)
             ... on level 2 of the Dungeon.
             The game lasted 00:03:36 (1444 turns).

shenanigans the Charmwright (Barachi Skald)         Turns: 1444, Time: 00:03:36

Health: -1/35      AC:  6    Str: 17    XL:     4   Next: 18%
Magic:  7/7        EV: 11    Int: 14    God:
Gold:   120        SH:  6    Dex: 12    Spells: 6/7 levels left

rFire    . . .     SeeInvis .   a - +0 hand axe
rCold    . . .     Gourm    .   o - +2 buckler
rNeg     . . .     Faith    .   j - +0 ring mail
rPois    .         Spirit   .   (no helmet)
rElec    .         Reflect  .   (no cloak)
rCorr    .         Harm     .   (no gloves)
MR       .....                  f - +0 pair of boots
Stlth    +.........             (no amulet)
HPRegen  0.11/turn              (no ring)
MPRegen  0.10/turn              (no ring)

@: mighty, infused (expiring), can't hop, flying, slow
A: +LOS, swims, slowness 1, strong legs 1
a: Hop


You were on level 2 of the Dungeon.
You were hungry.

You visited 1 branch of the dungeon, and saw 2 of its levels.

You collected 120 gold pieces.

Inventory:

Hand Weapons
 a - a +0 hand axe (weapon)
Armour
 b - a +0 leather armour
 f - a +0 pair of boots (worn)
 j - a +0 ring mail (worn)
 o - a +2 buckler (worn)
Jewellery
 g - a cursed amulet of inaccuracy {unknown}
 q - an uncursed ring of resist corrosion {unknown}
Scrolls
 i - a scroll of fog {unknown}
 l - 2 scrolls of identify {unknown}
Potions
 k - a potion of curing {unknown}
 m - a potion of degeneration {unknown}
Books
 c - a book of Battle

   Spells                             Type                      Level
   a - Infusion                       Charms                       1
   b - Shroud of Golubria             Charms/Translocation         2
   c - Song of Slaying                Charms                       2
   d - Spectral Weapon                Hexes/Charms                 3
   e - Regeneration                   Charms/Necromancy            3
Comestibles
 d - 7 rations


   Skills:
 + Level 3.2 Fighting
 + Level 2.8 Axes
 + Level 2.2 Armour
 + Level 2.8 Dodging
 * Level 1.5 Shields
 - Level 2.1 Spellcasting
 - Level 3.2 Charms


You had 6 spell levels left.
You knew the following spells:

 Your Spells              Type           Power        Failure   Level  Hunger
a - Infusion              Chrm           ##..         14%         1    #......


Dungeon Overview and Level Annotations

Branches:
Dungeon (2/15)

Altars:


Innate Abilities, Weirdness & Mutations

Shadows flee at your approach. (+LOS)
You can swim through water.
You cover ground slowly.
You can hop short distances.


Message History

You hit the gnoll but do no damage.
The gnoll is almost dead.
The gnoll hits you with a spear.
* * * LOW HITPOINT WARNING * * *
The gnoll hits you from afar with a spear.
* * * LOW HITPOINT WARNING * * *
You block the gnoll's attack.
Hop to where?
Press: ? - help, Dir - move target cursor Boing!
Okay, then.
Okay, then.
It was a potion of might.
You feel very mighty all of a sudden.
Your magical infusion is running out.
It was a potion of flight.
You feel very buoyant.
You fly up into the air.
It was a potion of magic.
Magic courses through your body.
The gnoll hits you from afar with a spear.
You die...

.######### #...........#.#
#.gg...(# #...........#+# #.#
#.............. #.###
#.............. #)..#
########.......
#.g.###############...
######..g##.(...†...†..'...
................##########...
######......@...# #.........
#..........# #.........
#.....(....# #.........
#........†.# #.........
#..........# #.........
#..........# #.........
#..........# #.........
............# ...........
.............# ......#####


You could see 2 gnolls.

Vanquished Creatures
  A gnoll (D:2)
  2 adders (D:2)
  A worm (D:2)
  2 dart slugs
  A leopard gecko (D:2)
  5 bats
  2 giant cockroaches
  4 goblins (D:2)
  A hobgoblin (D:1)
  3 jackals (D:2)
  4 kobolds
  3 frilled lizards
  3 rats
32 creatures vanquished.

Notes
Turn   | Place    | Note
-------+----------+-------------------------------------------
     0 | D:1      | shenanigans the Barachi Skald began the quest for the Orb.
     0 | D:1      | Reached XP level 1. HP: 17/17 MP: 3/3
   431 | D:1      | Reached XP level 2. HP: 20/23 MP: 5/5
  1010 | D:2      | Reached XP level 3. HP: 15/28 MP: 6/6
  1290 | D:2      | Reached skill level 1 in Shields
  1412 | D:2      | Reached XP level 4. HP: 35/35 MP: 2/7
  1444 | D:2      | Slain by a gnoll

Vault maps used:
D:1:      dpeg_arrival_pits
D:2:      first_ration

Skill      XL: |  1  2  3 |
---------------+----------+-----
Fighting       | 3 |  3.2
Armour         | 2 |  2.2
Shields        | 1 |  1.5
Axes           | |  2.8
Dodging        | |  2.8
Spellcasting   | |  2.1
Charms         | |  3.2

Action                   |  1- 3 |  4- 6 || total
-------------------------+-------+-------++-------
Melee: Hand axe          |   121 |     7 ||   128
Throw: Throwing net      |       |     1 ||     1
 Cast: Infusion          |     2 |     1 ||     3
 Abil: Hop               |       |     1 ||     1
  Use: Potion            |       |     3 ||     3
  Eat: Chunk             |     2 |       ||     2
Armor: Leather armour    |    11 |       ||    11
       Ring mail         |    28 |     1 ||    29
Dodge: Dodged            |    88 |     7 ||    95
Block: Buckler           |    24 |     4 ||    28

Table legend:
 A = Spawn XP
 B = Non-spawn XP
 C = Spawn XP percentage of total XP
 D = Spawn monster count
 E = Non-spawn monster count
 F = Spawn count percentage of total count
 G = Total turns spent on level
                    A         B        C        D         E        F      G
               +---------+---------+-------+---------+---------+-------+---------
         Total |       0 |      97 |   0.0 |       0 |      32 |   0.0 |  1444
               +---------+---------+-------+---------+---------+-------+---------
           D:1 |       0 |      21 |   0.0 |       0 |      12 |   0.0 |   906
           D:2 |       0 |      76 |   0.0 |       0 |      20 |   0.0 |   538
               +---------+---------+-------+---------+---------+-------+---------
